AoeStats
← xinhdep15

Yucatan

510467700Analyzed
4v4 RM · 14h ago on Oct 1, 2026· 68m 29s· 8 players
Game mode
Random Map
Map size
Large (8 player)
Population
200
Speed
Normal
Resources
Standard
Victory
Conquest
Starting age
Dark Age
Ending age
Imperial Age
RankedLock teamsTeams togetherTeam positionsShared explorationLock speedFull tech treeHidden civsTurbo modeCheats
Victory
Defeat
🇨🇳 Koreans · China
954
+15
🇺🇸 Aztecs · United States
907
+17
🇨🇱 Magyars · Chile
887
+17
🇨🇳 Spanish · China
886
+17
🇺🇸 Lithuanians · United States
950
-18
🇻🇳 Cumans · Vietnam
926
-17
🇦🇷 Burgundians · Argentina
913
-16
🇩🇪 Saracens · Germany
892
-15
xinhdep15
0:28 Loom
11:47 Feudal Age
17:31 Castle Age
16:01 Double-Bit Axe
16:10 Gold Mining
17:53 Wheelbarrow
18:01 Wheelbarrow
19:12 Gold Shaft Mining
18:50 Bow Saw
19:53 Stone Mining
22:39 Fletching
27:54 Bodkin Arrow
28:21 Hand Cart
28:41 Padded Archer Armor
30:28 Ballistics
31:10 Leather Archer Armor
30:44 Horse Collar
34:44 Imperial Age
34:01 Thumb Ring
36:03 Ring Archer Armor
36:46 Cuman Mercenaries
37:07 Conscription
38:18 Parthian Tactics
39:04 Chemistry
38:59 Gold Shaft Mining
41:16 Elite Kipchak
45:29 Two-Man Saw
44:42 Heavy Plow
46:19 Forging
46:15 Scale Barding Armor
47:10 Scale Mail Armor
47:47 Iron Casting
48:42 Bloodlines
47:56 Cavalier
49:00 Chain Barding Armor
50:29 Blast Furnace
49:31 Paladin
51:31 Plate Barding Armor
21Hill
0:32 Loom
12:03 Feudal Age
18:32 Castle Age
16:58 Double-Bit Axe
17:04 Gold Mining
16:55 Horse Collar
17:26 Scale Barding Armor
17:35 Forging
20:11 Wheelbarrow
21:42 Husbandry
24:24 Bow Saw
24:18 Heavy Plow
24:12 Stone Mining
27:10 Hand Cart
30:37 Iron Casting
30:22 Chain Barding Armor
30:03 Padded Archer Armor
30:43 Stone Shaft Mining
31:35 Fletching
32:15 Murder Holes
32:41 Ballistics
32:31 Town Watch
34:12 Town Patrol
38:14 Imperial Age
37:44 Hill Forts
38:51 Bodkin Arrow
39:12 Leather Archer Armor
40:30 Hoardings
40:19 Conscription
40:49 Cavalier
43:23 Bracer
43:55 Ring Archer Armor
43:56 Cavalier
45:54 Coinage
50:28 Banking
56:34 Chemistry
61:59 Tower Shields
Sphere Of Light
8:59 Loom
11:33 Feudal Age
12:13 Double-Bit Axe
16:56 Castle Age
14:44 Horse Collar
18:28 Bow Saw
21:18 Wheelbarrow
29:09 Ballistics
32:21 Imperial Age
30:04 Forging
30:01 Scale Barding Armor
30:28 Bloodlines
30:14 Gold Mining
30:29 Heavy Plow
32:39 Fortified Wall
34:11 Chemistry
33:42 Heavy Camel Rider
33:52 Elite Mameluke
35:21 Iron Casting
37:51 Hand Cart
39:00 Light Cavalry
39:43 Husbandry
40:10 Conscription
41:04 Elite Skirmisher
41:50 Thumb Ring
41:36 Fletching
42:07 Chain Barding Armor
42:48 Blast Furnace
42:03 Fortified Wall
42:57 Onager
56:08 Plate Barding Armor
61:44 Fishing Lines
63:37 Gillnets
65:14 Siege Engineers
65:45 Siege Onager
Jinshow
5:38 Loom
10:52 Feudal Age
9:19 Double-Bit Axe
9:16 Horse Collar
15:04 Wheelbarrow
18:43 Castle Age
17:20 Heavy Plow
17:30 Bow Saw
18:34 Gold Mining
18:34 Stone Mining
19:18 Caravan
21:23 Two-Man Saw
26:04 Fervor
26:31 Gold Shaft Mining
26:31 Stone Shaft Mining
27:28 Hand Cart
28:40 Fletching
28:50 Padded Archer Armor
30:00 Crop Rotation
30:01 Arson
30:17 Squires
30:15 Bodkin Arrow
30:35 Leather Archer Armor
32:35 Leather Archer Armor
33:40 Ballistics
35:53 Imperial Age
34:11 Ballistics
33:41 Town Watch
34:53 Murder Holes
37:44 Chemistry
36:47 Bracer
37:10 Conscription
36:59 Burgundian Vineyards
37:58 Stone Shaft Mining
39:07 Scale Mail Armor
45:08 Chain Mail Armor
46:12 Guilds
47:20 Plate Mail Armor
49:29 Forging
52:29 Iron Casting
57:22 Elite Skirmisher
65:54 Pikeman
67:43 Blast Furnace
max
8:33 Loom
11:53 Feudal Age
12:58 Double-Bit Axe
15:45 Castle Age
18:10 Wheelbarrow
18:55 Bow Saw
22:30 Horse Collar
23:52 Heavy Plow
27:47 Hand Cart
27:18 Town Watch
28:59 Town Patrol
32:13 Imperial Age
29:56 Forging
29:47 Scale Mail Armor
30:54 Gold Mining
30:54 Stone Mining
31:51 Coinage
30:45 Man-at-Arms
31:11 Gambesons
31:27 Squires
31:14 Arson
32:10 Iron Casting
31:50 Chain Mail Armor
31:36 Long Swordsman
32:47 Two-Handed Swordsman
34:30 Blast Furnace
33:10 Capped Ram
34:00 Champion
35:14 Plate Mail Armor
38:36 Garland Wars
38:39 Conscription
38:48 Siege Ram
40:42 Pikeman
43:25 Atlatl
43:47 Elite Skirmisher
44:30 Padded Archer Armor
44:21 Fletching
44:39 Siege Engineers
45:38 Chemistry
44:58 Ballistics
44:36 Murder Holes
44:26 Treadmill Crane
49:44 Bodkin Arrow
50:04 Leather Archer Armor
53:20 Bracer
63:52 Pikeman
Fenixx
0:33 Loom
11:18 Feudal Age
12:06 Horse Collar
12:14 Double-Bit Axe
21:25 Castle Age
19:18 Stone Mining
19:19 Gold Mining
19:39 Scale Barding Armor
23:49 Gold Shaft Mining
23:17 Heavy Plow
23:30 Bow Saw
24:04 Town Watch
25:37 Corvinian Army
34:40 Wheelbarrow
34:07 Town Patrol
35:32 Chain Barding Armor
37:01 Hand Cart
40:36 Imperial Age
40:57 Elite Magyar Huszar
41:59 Conscription
42:13 Crop Rotation
42:50 Plate Barding Armor
45:17 Bloodlines
45:07 Husbandry
44:53 Treadmill Crane
46:14 Chemistry
45:34 Ballistics
47:30 Two-Man Saw
49:54 Caravan
50:24 Coinage
55:27 Banking
Manchuria lmuberjack
10:21 Feudal Age
15:00 Castle Age
13:24 Double-Bit Axe
14:12 Gold Mining
18:17 Wheelbarrow
17:53 Loom
22:26 Bow Saw
23:01 Hand Cart
23:31 Stone Mining
25:44 Fletching
26:44 Murder Holes
32:14 Imperial Age
29:11 Pikeman
32:03 Elite Skirmisher
33:55 Chemistry
34:23 Two-Man Saw
34:03 Horse Collar
35:17 Heavy Plow
34:57 Halberdier
39:49 Conscription
43:28 Squires
43:34 Elite Conquistador
49:35 Hoardings
51:14 Supremacy
打不过
4:58 Loom
11:42 Feudal Age
13:22 Double-Bit Axe
17:51 Castle Age
15:48 Stone Mining
15:58 Horse Collar
16:11 Gold Mining
18:58 Bow Saw
21:10 Stone Shaft Mining
24:52 Treadmill Crane
26:56 Heavy Plow
32:05 Imperial Age
29:24 Town Watch
29:36 Fletching
30:48 Gold Shaft Mining
31:11 Ballistics
32:15 Bodkin Arrow
32:33 Forging
32:25 Scale Mail Armor
32:55 Masonry
32:41 Murder Holes
33:52 Chemistry
33:08 Bracer
34:16 Wheelbarrow
34:07 Siege Engineers
34:41 Iron Casting
35:23 Architecture
34:57 Squires
34:42 Arson
35:52 Conscription
35:53 Chain Mail Armor
36:57 Two-Man Saw
36:25 Elite Fire Lancer
37:18 Fortified Wall
37:36 Hand Cart
38:51 Plate Mail Armor
46:09 Eupseong
46:25 Elite Skirmisher
47:11 Thumb Ring
46:51 Elite War Wagon
48:38 Town Patrol
51:28 Arrowslits
53:16 Capped Ram
53:37 Pikeman
54:15 Halberdier
56:39 Shinkichon
55:41 Heavy Rocket Cart
63:40 Husbandry
63:01 Light Cavalry
63:02 Cavalier
65:38 Scale Barding Armor
64:56 Hussar
Connection lost

Rejoining the realm…

Still unreachable

The connection could not be restored.

Session expired

The server has moved on; the page needs a fresh start.